 Dungeon Crawl Stone Soup version 0.28-a0-863-g8cecda6153 (webtiles) character file.

Game seed: 16447521837963897823

79 pokeman the Magician (level 4, -1/25 HPs)
             Began as a Deep Elf Hedge Wizard on Nov 16, 2021.
             Killed by nerve-wracking pain
             ... invoked by an orc priest
              (7 damage)
             ... on level 3 of the Dungeon.
             The game lasted 00:04:31 (3282 turns).

pokeman the Magician (Deep Elf Hedge Wizard)        Turns: 3282, Time: 00:04:31

Health: -1/25      AC:  3    Str:  7    XL:     4   Next: 17%
Magic:  3/13       EV: 12    Int: 20    God:
Gold:   97         SH:  0    Dex: 14    Spells: 3/14 levels left

rFire   . . .      SeeInvis .   f - +0 mace
rCold   . . .      Faith    .   (no shield)
rNeg    . . .      Spirit   .   l - +0 leather armour
rPois   .          Reflect  .   c - +0 hat
rElec   .          Harm     .   (no cloak)
rCorr   .          Rampage  .   (no gloves)
Will    .....                   (no boots)
Stlth   ++........              (no amulet)
HPRegen 0.08/turn               (no ring)
MPRegen 0.13/turn               (no ring)

@: very slightly contaminated
A: no striking features
a: no special abilities


You were on level 3 of the Dungeon.
You visited 1 branch of the dungeon, and saw 3 of its levels.

You collected 97 gold pieces.

Inventory:

Hand Weapons
 f - a +0 mace (weapon)
Missiles
 e - 37 arrows
 k - 21 bolts
Armour
 c - a +0 hat (worn)
 l - a +0 leather armour (worn)
Jewellery
 b - a ring of protection from cold
Wands
 a - a wand of polymorph (12)
Scrolls
 g - 2 scrolls of identify {unknown}
 h - a scroll of magic mapping {unknown}
 i - a scroll of brand weapon {unknown}
 j - a scroll of teleportation {unknown}
Potions
 d - a potion of mutation {unknown}


   Skills:
 - Level 1.0 Fighting
 - Level 1.0 Armour
 + Level 2.7 Dodging
 - Level 2.4 Stealth
 * Level 5.6 Spellcasting
 + Level 2.1 Conjurations
 - Level 1.1 Summonings
 - Level 1.1 Translocations
 + Level 0.5 Fire Magic


You had 3 spell levels left.
You knew the following spells:

 Your Spells              Type           Power      Damage    Failure   Level
a - Magic Dart            Conj           56%        1d5       7%          1
b - Mephitic Cloud        Conj/Pois/Air  8%         N/A       34%         3
c - Call Imp              Summ           10%        N/A       16%         2
d - Blink                 Tloc           20%        N/A       16%         2
e - Conjure Flame         Conj/Fire      10%        6-21      28%         3

Your spell library contained the following spells:

 Spells                   Type           Power      Damage    Failure   Level
 Slow                     Hex            20%        N/A       16%         1
 Inner Flame              Hex/Fire       6%         N/A       41%         3
 Confusing Touch          Hex            5%         N/A       43%         3
 Ozocubu's Armour         Ice            5%         N/A       43%         3
 Vampiric Draining        Necr           5%         2d6       43%         3
 Cause Fear               Hex            2%         N/A       85%         4
 Metabolic Englaciation   Hex/Ice        2%         N/A       99%         5
 Simulacrum               Ice/Necr       2%         N/A       100%        6
 Discord                  Hex            2%         N/A       100%        8


Dungeon Overview and Level Annotations

Branches:
Dungeon (3/15)

Altars:

Shops:
D:2 [


Message History

A hobgoblin is nearby!
Casting: Magic Dart (safe; 7% risk of failure)
Confirm with . or Enter, or press ? or * to list all spells.
The spell is extremely dangerous to cast (34% risk of failure)!
Continue anyway?
Aiming: Mephitic Cloud (extremely dangerous; 34% risk of failure)
Press: ? - help, Shift-Dir - straight line, f - hobgoblin
Aim: a hobgoblin, wielding a +0 club and wearing an amulet of guardian spirit (chance to affect: 96%)
You miscast Mephitic Cloud.
You are very lightly contaminated with residual magic.
Electricity courses through your body!
Casting: Mephitic Cloud (extremely dangerous; 34% risk of failure)
Confirm with . or Enter, or press ? or * to list all spells.
The spell is extremely dangerous to cast (34% risk of failure)!
Continue anyway?
Aiming: Mephitic Cloud (extremely dangerous; 34% risk of failure)
Press: ? - help, Shift-Dir - straight line, f/p - hobgoblin
Aim: a hobgoblin, wielding a +0 club and wearing an amulet of guardian spirit (chance to affect: 96%)
You miscast Mephitic Cloud.
You are blasted with magical energy!
* * * LOW HITPOINT WARNING * * *
Unknown command.
Casting: Mephitic Cloud (extremely dangerous; 34% risk of failure)
Confirm with . or Enter, or press ? or * to list all spells.
A shadowy apparition takes form in the air.
The hobgoblin barely misses you.
You swap places.
The hobgoblin hits your shadow imp with a +0 club.
Your shadow imp hits the hobgoblin.
The orc priest looks braver for a moment.
The hobgoblin hits your shadow imp with a +0 club!
Your shadow imp dies!
Your shadow imp disappears in a puff of smoke!
Casting: Call Imp (safe; 16% risk of failure)
Confirm with . or Enter, or press ? or * to list all spells.
Aiming: Magic Dart (safe; 7% risk of failure)
Press: ? - help, Shift-Dir - straight line, f/p - hobgoblin
Aim: a hobgoblin, wielding a +0 club and wearing an amulet of guardian spirit (almost dead, 100% to hit)
The magic dart hits the hobgoblin.
You kill the hobgoblin!
The orc priest mumbles some strange prayers to Beogh against you.
Pain shoots through your body!
You die...

........#
........####.##
.r..)..........
#.# #o# #)# #.#
#.# ... ###@## #..
##### #....# ..#
#...o #....#
#.###.###
#....#######..##.#
#............>##.#
#....#...........#
#....#...........#
#....#..........##
#....#..........#


You could see an orc priest.

Vanquished Creatures
  2 adders
  4 dart slugs
  A worm (D:2)
  3 orcs (D:3)
  6 bats
  An endoplasm (D:1)
  2 goblins
  5 hobgoblins
  A jackal (D:3)
  4 kobolds
  A quokka (D:1)
  6 frilled lizards
  A rat (D:1)
37 creatures vanquished.

Vanquished Creatures (collateral kills)
  4 orcs (D:3)
  3 jackals (D:3)
7 creatures vanquished.

Grand Total: 44 creatures vanquished

Notes
Turn   | Place    | Note
-------+----------+-------------------------------------------
     0 | D:1      | pokeman the Deep Elf Hedge Wizard began the quest for the
                  | Orb.
     0 | D:1      | Reached XP level 1. HP: 10/10 MP: 7/7
   326 | D:1      | Reached XP level 2. HP: 16/16 MP: 1/9
  1086 | D:1      | Reached skill level 5 in Spellcasting
  1395 | D:2      | Found a faded altar of an unknown god.
  1409 | D:2      | Found Efam's Antique Armour Shop.
  1440 | D:2      | Reached XP level 3. HP: 13/20 MP: 3/11
  1444 | D:2      | Learned a level 3 spell: Mephitic Cloud
  1447 | D:2      | Learned a level 2 spell: Call Imp
  1450 | D:2      | Learned a level 2 spell: Blink
  1454 | D:2      | Learned a level 3 spell: Conjure Flame
  2695 | D:3      | Reached skill level 1 in Armour
  2716 | D:3      | Reached skill level 1 in Fighting
  2855 | D:3      | Reached XP level 4. HP: 25/25 MP: 9/13
  2891 | D:3      | HP: 1/25 [orc priest/divine providence (11)]
  3282 | D:3      | Killed from afar by an orc priest

Illustrated notes

Levels and vault maps discovered:
D:1:      zelgadis_glass_arrival_small, layout_basic, dk_noncrumbling_4
D:2:      layout_basic, shapermc_ecumenical_altar_gd, serial_shops, shop,
          kennysheep_boxes
D:3:      layout_basic, gammafunk_ghost_icy, minmay_three_crescents

Skill      XL: |  1  2  3 |
---------------+----------+-----
Spellcasting   | 5 |  5.6
Armour         | 1 |  1.0
Fighting       | 1 |  1.0
Conjurations   | 2 |  2.1
Dodging        | |  2.7
Stealth        | |  2.4
Summonings     | |  1.1
Translocations | |  1.1
Fire Magic     | |  0.5

Action                   |  1- 3 |  4- 6 || total
-------------------------+-------+-------++-------
Melee: Mace              |     7 |     2 ||     9
 Cast: Magic Dart        |    93 |    12 ||   105
       Call Imp          |     2 |     1 ||     3
       Conjure Flame     |     2 |       ||     2
       Mephitic Cloud    |     2 |       ||     2
Armor: Robe              |     1 |       ||     1
       Leather armour    |       |     3 ||     3
Dodge: Dodged            |    11 |     6 ||    17

Table legend: (Time is in decaauts)
 A = Elapsed time spent in this place.
 B = Non-inter-level travel time spent in this place.
 C = Inter-level travel time spent in this place.
 D = Time resting spent in this place.
 E = Time spent auto-exploring this place.
 F = Levels seen in this place.
 G = Mean time per level.
                   A        B        C        D        E       F      G
               +--------+--------+--------+--------+--------+-----+--------+
         Total |   3287 |   3214 |     73 |    394 |   2424 |   3 | 1095.7 |
       Dungeon |   3287 |   3214 |     73 |    394 |   2424 |   3 | 1095.7 |
               +--------+--------+--------+--------+--------+-----+--------+

Top non-repeatable levels by time:
     D:2: 1501 daAuts
     D:1: 1291 daAuts
     D:3: 495 daAuts
